 Dungeon Crawl Stone Soup version 0.21.1-1-g345015fe64 (webtiles) character file.

5425 Redear the Brawler (level 10, -14/88 HPs)
             Began as a Troll Monk on Mar 9, 2018.
             Demolished by a gnoll
             ... wielding a +2 halberd of distortion
              (17 damage)
             ... on level 8 of the Dungeon.
             The game lasted 00:41:05 (6860 turns).

Redear the Brawler (Troll Monk)                     Turns: 6860, Time: 00:41:06

Health: -14/88     AC:  4    Str: 22    XL:     10   Next: 40%
Magic:  9/9        EV: 10    Int: 12    God:
Gold:   415        SH:  0    Dex: 14    Spells: 9/9 levels left

rFire    . . .     SeeInvis .     - Unarmed
rCold    . . .     Gourm    +   (no shield)
rNeg     . . .     Faith    .   h - +0 robe {MR+}
rPois    .         Spirit   .   (helmet restricted)
rElec    .         Reflect  .   d - +0 cloak
rCorr    .         Harm     .   (gloves unavailable)
MR       +....                  (boots unavailable)
Stlth    ++........             (no amulet)
HPRegen  0.64/turn              j - -2 ring of protection
MPRegen  0.11/turn              B - +6 ring of intelligence

@: no status effects
A: large, unfitting armour, claws 3, fast metabolism 3, gourmand, regeneration
1, shaggy fur 1, tough skin 2
a: no special abilities


You were on level 8 of the Dungeon.
You were full.

You visited 2 branches of the dungeon, and saw 9 of its levels.

You collected 415 gold pieces.

Inventory:

Hand Weapons
 C - a +2 spear of venom
Missiles
 w - 165 stones (quivered)
Armour
 a - a +0 robe
 d - a +0 cloak (worn)
 h - a +0 robe of magic resistance (worn)
 E - a cursed +0 robe
 H - a cursed +0 robe
 K - a +0 animal skin
Jewellery
 j - a -2 ring of protection (left claw)
 l - an uncursed ring of stealth
 B - a +6 ring of intelligence (right claw)
Wands
 n - a wand of enslavement (43)
 q - a wand of scattershot (6)
Scrolls
 c - a scroll of enchant weapon {unknown}
 f - 7 scrolls of identify {unknown}
 i - 4 scrolls of remove curse
 o - 2 scrolls of amnesia {unknown}
 p - a scroll of magic mapping {unknown}
 r - a scroll of blinking {unknown}
 s - 4 scrolls of teleportation {unknown}
 x - 2 scrolls of enchant armour {unknown}
 A - a scroll of noise {unknown}
 I - a scroll of fear {unknown}
Potions
 e - a potion of heal wounds {unknown}
 g - a potion of might
 m - a potion of brilliance {unknown}
 t - a potion of cancellation {unknown}
 v - a potion of haste {unknown}
 z - 2 potions of resistance {unknown}
 D - a potion of lignification {unknown}
 F - a potion of invisibility {unknown}
Books
 k - a book of Minor Magic

   Spells                             Type                      Level
   a - Magic Dart                     Conjuration                  1
   b - Blink                          Translocation                2
   c - Call Imp                       Summoning                    2
   d - Slow                           Hexes                        2
   e - Conjure Flame                  Conjuration/Fire             3
   f - Mephitic Cloud                 Conjuration/Poison/Air       3
 y - a book of Conjurations

   Spells                             Type                      Level
   a - Magic Dart                     Conjuration                  1
   b - Searing Ray                    Conjuration                  2
   c - Dazzling Spray                 Conjuration/Hexes            3
   d - Fulminant Prism                Conjuration/Hexes            4
   e - Force Lance                    Conjuration/Translocation    4
   f - Iskenderun's Mystic Blast      Conjuration                  4
 G - a book of Frost

   Spells                             Type                      Level
   a - Freeze                         Ice                          1
   b - Throw Frost                    Conjuration/Ice              2
   c - Ozocubu's Armour               Charms/Ice                   3
   d - Throw Icicle                   Conjuration/Ice              4
   e - Summon Ice Beast               Ice/Summoning                4
Comestibles
 b - 11 rations


   Skills:
 - Level 2.4 Fighting
 - Level 2.4 Dodging
 - Level 1.0 Stealth
 + Level 15.0 Unarmed Combat


You had 9 spell levels left.
You didn't know any spells.

Dungeon Overview and Level Annotations

Branches:
Dungeon (8/15)             Temple (1/1) D:4
   Lair: D:8-11

Altars:
Ashenzari
Cheibriados
Dithmenos
Elyvilon
Fedhas
Gozag
Hepliaklqana
Kikubaaqudgha
Makhleb
Nemelex Xobeh
Okawaru
Qazlal
Ru
Sif Muna
Trog
Uskayaw
Vehumet
Wu Jian
Xom
Yredelemnul
Zin
The Shining One

Shops:
D:8 :


Innate Abilities, Weirdness & Mutations

You are too large for most types of armour.
You have claws for hands.
Your metabolism is lightning-fast.
You like to eat raw meat.
Your natural rate of healing is unusually fast.
You are covered in fur. (AC +1)
You have very tough skin. (AC +2)


Message History

a flail; a gnoll corpse You barely miss the centaur.
The centaur hits you!
* * * LOW HITPOINT WARNING * * *
You barely miss the centaur. The centaur hits you!
* * * LOW HITPOINT WARNING * * *
You feel better. The centaur completely misses you.
You mangle the centaur!!
You kill the centaur!
Your Unarmed Combat skill increases to level 15!
You closely miss the gnoll. You claw the gnoll.
The gnoll is lightly wounded.
You mangle the gnoll!!
You kill the gnoll!
The gnoll hits you from afar with a halberd of distortion.
* * * LOW HITPOINT WARNING * * *
You blink.
The gnoll hits you from afar with a halberd of distortion!
* * * LOW HITPOINT WARNING * * *
Space warps horribly around you!
You die...

### ## #...##........ #
...##.##...##........ #
..................... #
.............(....... #
............(...c.... #
............(g....... #
#####...####)####### # ###'####g#
...##.....# #...#.@ยง.#
.....>....# #...#....#
..........# #...#....# ........#
######...#.(..# .......#
#....#...####.########.....#
###........#######....##.....#
#..._........................#
##._..._.................<....#
###..............>..............#


You could see a gnoll.

Vanquished Creatures
  A two-headed ogre (D:8)
  The ghost of Fuxmar the Cudgeler, a novice GrFi (D:6)
  Prince Ribbit (D:8)
  4 hogs (D:8)
  A human (D:8)
  2 hungry ghosts
  Edmund (D:4)
  An orc warrior (D:6)
  2 sky beasts
  3 ice beasts (D:8)
  A black bear (D:8)
  A phantom (D:8)
  2 ogres (D:6)
  4 centaurs
  A big kobold (D:7)
  An elf zombie (D:7)
  5 bullfrogs
  An elf skeleton (D:7)
  2 scorpions
  8 wights
  3 howler monkeys
  2 crimson imps
  A centaur zombie (D:7)
  A human zombie (D:7)
  3 hounds
  A gnoll shaman (D:8)
  A bullfrog skeleton (D:5)
  Ijyb (D:3)
  Natasha (D:2)
  5 iguanas
  2 orc wizards
  5 worker ants
  A hound zombie (D:8)
  A hound skeleton (D:6)
  A howler monkey zombie (D:8)
  4 gnolls (D:8)
  16 adders
  2 shadow imps
  An ooze (D:6)
  An adder skeleton (D:5)
  A worm (D:3)
  3 dart slugs
  4 leopard geckos
  7 orcs
  3 giant cockroaches
  11 goblins
  8 hobgoblins
  6 jackals
  7 kobolds
  3 quokkas
  6 bats
  2 frilled lizards (D:1)
  An orc skeleton (D:7)
  2 orc zombies (D:7)
  A quokka skeleton (D:4)
  5 rats
  A butterfly (D:4)
167 creatures vanquished.

Notes
Turn   | Place    | Note
-------+----------+-------------------------------------------
     0 | D:1      | Redear the Troll Monk began the quest for the Orb.
     0 | D:1      | Reached XP level 1. HP: 22/22 MP: 0/0
   316 | D:1      | Reached XP level 2. HP: 25/29 MP: 1/1
   613 | D:1      | Reached skill level 4 in Unarmed Combat
   744 | D:2      | Reached XP level 3. HP: 33/36 MP: 2/2
   838 | D:2      | Reached XP level 4. HP: 43/44 MP: 3/3
   891 | D:2      | Reached skill level 5 in Unarmed Combat
   906 | D:2      | Noticed Natasha
   911 | D:2      | Killed Natasha
  1146 | D:2      | Reached XP level 5. HP: 50/50 MP: 4/4
  1456 | D:3      | Reached skill level 6 in Unarmed Combat
  1604 | D:3      | Noticed Ijyb
  1626 | D:3      | Killed Ijyb
  2169 | D:4      | Reached XP level 6. HP: 59/59 MP: 5/5
  2193 | D:4      | Reached skill level 7 in Unarmed Combat
  2227 | D:4      | Found a staircase to the Ecumenical Temple.
  2233 | Temple   | Entered the Ecumenical Temple
  2581 | D:4      | Found a deep blue altar of Sif Muna.
  2764 | D:4      | Noticed Edmund
  2778 | D:4      | Killed Edmund
  3005 | D:5      | Entered Level 5 of the Dungeon
  3014 | D:5      | Noticed a sky beast
  3024 | D:5      | Killed a sky beast
  3024 | D:5      | Reached skill level 8 in Unarmed Combat
  3024 | D:5      | Reached XP level 7. HP: 59/66 MP: 6/6
  3120 | D:5      | Noticed a hungry ghost
  3157 | D:5      | Killed a hungry ghost
  3157 | D:5      | Reached skill level 9 in Unarmed Combat
  3455 | D:5      | Found a shadowy altar of Dithmenos.
  3788 | D:5      | Reached XP level 8. HP: 74/74 MP: 7/7
  3799 | D:6      | Reached skill level 10 in Unarmed Combat
  3868 | D:6      | Noticed Fuxmar's ghost (novice GrFi)
  3876 | D:6      | Killed Fuxmar's ghost
  3876 | D:6      | Reached skill level 11 in Unarmed Combat
  4238 | D:6      | Reached XP level 9. HP: 20/80 MP: 8/8
  4505 | D:6      | Reached skill level 12 in Unarmed Combat
  5789 | D:7      | Found a sand-covered staircase.
  5834 | D:7      | Reached skill level 13 in Unarmed Combat
  6153 | D:8      | Found Rodghey's Book Emporium.
  6164 | D:8      | Noticed Prince Ribbit
  6231 | D:8      | Reached skill level 14 in Unarmed Combat
  6297 | D:8      | Noticed a two-headed ogre
  6312 | D:8      | Killed a two-headed ogre
  6312 | D:8      | Reached XP level 10. HP: 85/88 MP: 9/9
  6651 | D:8      | Found a shattered altar of Ashenzari.
  6652 | D:8      | Found a burning altar of Makhleb.
  6652 | D:8      | Found an iron altar of Okawaru.
  6654 | D:8      | Found a white marble altar of Elyvilon.
  6654 | D:8      | Found a bloodstained altar of Trog.
  6656 | D:8      | Found a hide-covered altar of Uskayaw.
  6656 | D:8      | Found an ancient bone altar of Kikubaaqudgha.
  6662 | D:8      | Found a glowing silver altar of Zin.
  6836 | D:8      | Killed Prince Ribbit
  6856 | D:8      | Reached skill level 15 in Unarmed Combat
  6860 | D:8      | HP: 3/88 [gnoll/halberd of distortion (14)]
  6860 | D:8      | Demolished by a gnoll

Skill      XL: |  1  2  3  4  5  6  7  8  9 10 |
---------------+-------------------------------+-----
Unarmed Combat | 4 5 6 8 9 11 14 15 | 15.0
Fighting       | |  2.4
Dodging        | |  2.4
Stealth        | |  1.0

Action                   |  1- 3 |  4- 6 |  7- 9 | 10-12 || total
-------------------------+-------+-------+-------+-------++-------
Melee: Unarmed           |    60 |   129 |   251 |    61 ||   501
       Punch             |       |     1 |    14 |     5 ||    20
  Use: Scroll            |       |       |     1 |       ||     1
       Potion            |       |       |       |     2 ||     2
 Stab: Sleeping          |     1 |     3 |     4 |       ||     8
       Distracted        |       |     1 |     1 |       ||     2
  Eat: Chunk             |     9 |    12 |    31 |    11 ||    63
       Ration            |     2 |       |     2 |       ||     4
Armor: Robe              |    26 |    37 |    34 |    12 ||   109
Dodge: Dodged            |    29 |    53 |    79 |    30 ||   191
